 Dungeon Crawl Stone Soup version 0.31-a0-145-g046c7d2549 (webtiles) character file.

Game seed: 11147381531608367633

321 olmar the Ducker (level 6, 0/44 HPs)
             Began as a Djinni Hedge Wizard on June 6, 2023.
             Killed from afar by Dowan (26 damage)
             ... with a shard of ice
             ... on level 4 of the Dungeon.
             The game lasted 00:07:26 (3384 turns).

olmar the Ducker (Djinni Hedge Wizard)              Turns: 3384, Time: 00:07:27

Health: 0/44       AC:  3    Str:  9    XL:     6   Next: 76%
Gold:   83         EV: 13    Int: 17    God:
                   SH:  0    Dex: 13

rFire   + + .        w - +4 quarterstaff (chaos)
rCold   x . .        (shield currently unavailable)
rNeg    . . .        b - +0 robe
rPois   ∞            c - +0 hat
rElec   .            o - scarf {repulsion}
rCorr   .            t - +0 pair of gloves
SInv    .            (boots unavailable)
Will    .....        (no amulet)
Stlth   ++           (no ring)
HPRegen 0.27/turn    (no ring)
MPRegen 0.00/turn

%: repel missiles, infuse magic (-1 HP)
@: flying
A: sickness immunity, fire resistance 2, cold vulnerability 1, float, innate
caster, HP casting, extra vitality 1
a: no special abilities


You were on level 4 of the Dungeon.
You visited 1 branch of the dungeon, and saw 5 of its levels.

You collected 179 gold pieces.
You spent 96 gold pieces at shops.

Inventory:

Hand Weapons
 a - a +0 dagger
 d - a +2 whip of venom
 g - a +2 dagger of pain
 w - a +4 quarterstaff of chaos (weapon)
Armour
 b - a +0 robe (worn)
 c - a +0 hat (worn)
 o - a scarf of repulsion (worn)
 t - a +0 pair of gloves (worn)
 x - a +0 cloak
Scrolls
 f - a scroll of amnesia {unknown}
 i - a scroll of noise {unknown}
 l - 3 scrolls of teleportation
 n - a scroll of torment {unknown}
 q - 2 scrolls of immolation {unknown}
 u - a scroll of fear {unknown}
 y - a scroll of poison {unknown}
 z - a scroll of brand weapon {unknown}
Potions
 e - 2 potions of heal wounds
 h - a potion of invisibility
 j - a potion of resistance {unknown}
 k - 2 potions of might
 m - a potion of brilliance {unknown}
 p - a potion of attraction {unknown}
 r - 4 potions of curing
 s - a potion of enlightenment
 v - a potion of magic {unknown}


   Skills:
 + Level 2.3 Fighting
 - Level 0.4 Maces & Flails
 + Level 4.6 Dodging
 - Level 2.1 Stealth
 * Level 4.0 Spellcasting
 * Level 4.0 Conjurations
 * Level 4.0 Hexes
 * Level 4.0 Summonings
 * Level 4.0 Necromancy
 * Level 4.0 Translocations
 * Level 4.0 Transmutations
 * Level 4.0 Fire Magic
 * Level 4.0 Ice Magic
 * Level 4.0 Air Magic
 * Level 4.0 Earth Magic
 * Level 4.0 Poison Magic


You knew the following spells:

 Your Spells              Type           Power      Damage    Failure   Level
a - Magic Dart            Conj           68%        1d6       3%          1
b - Slow                  Hex            68%        N/A       3%          1
c - Blink                 Tloc           34%        N/A       4%          2
d - Call Imp              Summ           34%        N/A       4%          2
e - Mephitic Cloud        Conj/Pois/Air  17%        N/A       9%          3
f - Sandblast             Erth           34%        2d9       3%          1
g - Momentum Strike       Conj/Tloc      34%        3d8       4%          2
Your spell library was empty.

Dungeon Overview and Level Annotations

Branches:
Dungeon (5/15)
 Temple: D:4-7

Altars:
Okawaru
Trog
Uskayaw
Yredelemnul

Shops:
D:3 !

Annotations:
D:3 1 transporter, roninjake's ghost, amateur MiHu
D:4 Dowan


Innate Abilities, Weirdness & Mutations

You are immune to sickness and miasma.
You are immune to poison.
Your flesh is very heat resistant. (rF++)
You are vulnerable to cold. (rC-)
You float through the air rather than walking.
You learn spells naturally, not from books.
Your magical power is your life essence.
You have superior vitality. (+4 MHP)


Message History

Your cerulean imp hits Duvessa but does no damage.
Duvessa barely misses you.
Unknown command.
You catch the helpless Duvessa completely off-guard!
You hit Duvessa.
Duvessa is severely wounded.
Your cerulean imp hits Duvessa but does no damage.
Dowan barely misses your cerulean imp. Duvessa hits you with a +0 rapier.
Your cerulean imp barely misses Duvessa.
Unknown command.
You hit Duvessa.
Duvessa is almost dead.
Dowan hits your cerulean imp but does no damage.
Your cerulean imp barely misses Duvessa.
Dowan gestures at you while chanting.
The puff of flame hits your cerulean imp!
Your cerulean imp dies!
Your cerulean imp disappears in a puff of smoke!
You kill Duvessa!
Dowan screams, "No!
No!"
Dowan seems to find hidden reserves of power!
Your magical contamination has completely faded away.
Your Spellcasting skill increases to level 4!
Your Conjurations skill increases to level 4!
Your Hexes skill increases to level 4!
Your Summonings skill increases to level 4!
Your Necromancy skill increases to level 4!
Your Translocations skill increases to level 4!
Your Transmutations skill increases to level 4!
Your Fire Magic skill increases to level 4!
Your Ice Magic skill increases to level 4!
Your Air Magic skill increases to level 4!
Your Earth Magic skill increases to level 4!
Your Poison Magic skill increases to level 4!
Unknown command.
Unknown command.
Dowan gestures at you while chanting. The shard of ice hits you!!
You feel a painful chill!
Ouch! That really hurt!
You die...

#.....?..######.###.
#........# #..# #.
###........# #..####
#.........<# #.....#
#..........# ##.###..
#..........# #..# #..
#.# ...####.## #.# #.#
#.......# #.. #@#
###.##..####.. #e##
#........#.. ## #..#
###.#.##...# ... ##.#
#.#)##..## ....
#.######.†......#
.....##..†.......####.#
........#######..####.#
#....##..####.........#
+... #.......PP.P....#


You could see Dowan (fast).

Vanquished Creatures
  Duvessa (D:4)
  A hound (D:4)
  Crazy Yiuf (D:4)
  7 gnolls
  2 adders (D:4)
  2 orcs (D:3)
  An endoplasm (D:3)
  2 giant cockroaches
  2 goblins
  8 hobgoblins
  9 kobolds
  4 quokkas
  6 ball pythons
  5 frilled lizards
51 creatures vanquished.

Vanquished Creatures (collateral kills)
  A sleepcap (D:3)
  A goblin (D:3)
2 creatures vanquished.

Grand Total: 53 creatures vanquished

Notes
Turn   | Place    | Note
-------+----------+-------------------------------------------
     0 | D:1      | olmar the Djinni Hedge Wizard began the quest for the Orb.
     0 | D:1      | olmar set off with the following spells memorised: Magic
                  | Dart, Slow, Blink, Call Imp, Mephitic Cloud.
     0 | D:1      | Reached XP level 1. HP: 15/15 MP: 0/0
   302 | D:1      | Reached XP level 2. HP: 19/21 MP: 0/0
  1182 | D:2      | Reached XP level 3. HP: 25/25 MP: 0/0
  1182 | D:2      | Learned a level 1 spell: Sandblast
  1763 | D:3      | Found a transporter.
  1767 | D:3      | Noticed roninjake's ghost (amateur MiHu)
  1790 | D:3      | Found Meofonoto's Distillery.
  1804 | D:3      | Bought a potion of curing for 36 gold pieces
  1804 | D:3      | Bought a potion of enlightenment for 60 gold pieces
  1968 | D:3      | Reached XP level 4. HP: 19/31 MP: 0/0
  2326 | D:3      | Reached skill level 1 in Fighting
  2497 | D:3      | Found an iron altar of Okawaru.
  2510 | D:3      | Reached XP level 5. HP: 19/37 MP: 0/0
  2510 | D:3      | Learned a level 2 spell: Momentum Strike
  2871 | D:4      | Found a basalt altar of Yredelemnul.
  2879 | D:4      | Found a hide-covered altar of Uskayaw.
  3034 | D:4      | Noticed Duvessa
  3040 | D:5      | Entered Level 5 of the Dungeon
  3071 | D:4      | Found a runed translucent door.
  3072 | D:4      | Noticed Crazy Yiuf
  3084 | D:4      | Killed Crazy Yiuf
  3144 | D:4      | Found a bloodstained altar of Trog.
  3186 | D:4      | Reached XP level 6. HP: 43/43 MP: 0/0
  3211 | D:4      | Noticed Dowan
  3383 | D:4      | Killed Duvessa
  3384 | D:4      | Killed from afar by Dowan

Illustrated notes

Levels and vault maps discovered:
D:1:      minmay_arrival_shattered_statue, layout_basic, kennysheep_flooded_box,
          minmay_misc_feat_tiny
D:2:      layout_loops_cross, serial_bayou, serial_bayou_pond_c,
          serial_bayou_ford_a, serial_bayou_crossing, serial_bayou_pond_c
D:3:      layout_loops_corners, okawaru_altar_gauntlet_db,
          gammafunk_ghost_stat_death, serial_shops, shop,
          chequers_decorated_corner, hangedman_decor_growths, minivault_24
D:4:      layout_rooms, lemuel_crystal_altar,
          mainiacjoe_overflow_catch_the_wave, dk_xom_monty_hall,
          uniq_crazy_yiuf_cottage, uniq_duvessa
D:5:      layout_cave_pools, grunt_gozag_breadcrumbs, chequers_big_river,
          uniq_menkaure, uniq_edmund

Skill      XL: |  1  2  3  4  5  6 |
---------------+-------------------+-----
Stealth        | 2 |  2.1
Spellcasting   | 3 4 |  4.0
Conjurations   | 3 4 |  4.0
Hexes          | 3 4 |  4.0
Summonings     | 3 4 |  4.0
Necromancy     | 3 4 |  4.0
Translocations | 3 4 |  4.0
Transmutations | 3 4 |  4.0
Fire Magic     | 3 4 |  4.0
Ice Magic      | 3 4 |  4.0
Air Magic      | 3 4 |  4.0
Earth Magic    | 3 4 |  4.0
Poison Magic   | 3 4 |  4.0
Dodging        | 3 4 |  4.6
Fighting       | 1 2 |  2.3
Maces & Flails | |  0.4

Action                     |  1- 3 |  4- 6 || total
---------------------------+-------+-------++-------
  Melee: Whip              |    48 |    39 ||    87
         Punch             |     1 |       ||     1
         Quarterstaff      |       |    20 ||    20
         Dagger            |       |     5 ||     5
   Cast: Magic Dart        |    21 |     1 ||    22
         Call Imp          |     3 |     7 ||    10
         Sandblast         |     2 |     9 ||    11
         Mephitic Cloud    |       |     2 ||     2
         Momentum Strike   |       |     2 ||     2
         Blink             |       |     1 ||     1
    Use: Scroll            |       |     4 ||     4
   Stab: Sleeping          |     3 |     4 ||     7
         Confused          |       |     3 ||     3
 Armour: Robe              |     7 |    13 ||    20
  Dodge: Dodged            |    39 |    48 ||    87
         Repelled          |       |     1 ||     1

Table legend: (Time is in decaauts)
 A = Elapsed time spent in this place.
 B = Non-inter-level travel time spent in this place.
 C = Inter-level travel time spent in this place.
 D = Time resting spent in this place.
 E = Time spent auto-exploring this place.
 F = Levels seen in this place.
 G = Mean time per level.
                   A        B        C        D        E       F      G
               +--------+--------+--------+--------+--------+-----+--------+
         Total |   3400 |   3299 |    101 |    264 |   2511 |   5 |  680.0 |
       Dungeon |   3400 |   3299 |    101 |    264 |   2511 |   5 |  680.0 |
               +--------+--------+--------+--------+--------+-----+--------+

Top non-repeatable levels by time:
     D:1: 1150 daAuts
     D:3: 1091 daAuts
     D:2: 607 daAuts
     D:4: 533 daAuts
     D:5: 16 daAuts
